 Dungeon Sprint DCSS version 0.28.0-43-g3370ac3207 (webtiles) character file.

Game seed: 3949410488205272870

29400000 smarlow the Archmage (level 27, 115/228 HPs)
             Began as a Djinni Warper on Mar 9, 2022.
             Was the Champion of Makhleb.
             Escaped with the Orb!
             The game lasted 00:05:00 (147 turns).

smarlow the Archmage (Djinni Warper)                 Turns: 147, Time: 00:05:01

Health: 115/228    AC:  6    Str: 10    XL:     27
Gold:   0          EV: 37    Int: 16    God:    Makhleb [******] SH:  0 Dex: 26

rFire   + + .      SeeInvis +   i - +∞ Axe of Woe
rCold   x . .      Faith    .   (shield currently unavailable)
rNeg    . . .      Spirit   .   b - +0 leather armour
rPois   ∞          Reflect  .   (no helmet)
rElec   .          Harm     .   (no cloak)
rCorr   .          Rampage  .   (no gloves)
Will    ++...      NoTele   +   (boots unavailable)
Stlth   ++++......              (no amulet)
HPRegen 0.48/turn               k - ring of see invisible
MPRegen 0.00/turn               (no ring)

@: flying
A: sickness immunity, fire resistance 2, cold vulnerability 1, float, innate
caster, HP casting, extra vitality 1
0: Orb of Zot
a: Renounce Religion, Minor Destruction, Lesser Servant of Makhleb, Major
Destruction, Greater Servant of Makhleb


You escaped.
You worshipped Makhleb.
Makhleb was exalted by your worship.
You visited 1 branch

Inventory:

Hand Weapons
 a - a +0 hand axe
 i - the +∞ Axe of Woe (weapon)
   (You found it in the Dungeon)
Missiles
 d - 5 boomerangs of dispersal
Armour
 b - a +0 leather armour (worn)
Jewellery
 j - a +30 ring of slaying
 k - a ring of see invisible (left hand)
Scrolls
 c - 2 scrolls of blinking
Potions
 e - a potion of curing
 f - a potion of heal wounds
 g - a potion of haste
 h - a potion of berserk rage


   Skills:
 O Level 27 Fighting
 O Level 27 Short Blades
 O Level 27 Long Blades
 O Level 27 Axes
 O Level 27 Maces & Flails
 O Level 27 Polearms
 O Level 27 Staves
 O Level 27 Slings
 O Level 27 Bows
 O Level 27 Crossbows
 O Level 27 Throwing
 O Level 27 Armour
 O Level 27 Dodging
 O Level 27 Stealth
 O Level 27 Shields
 O Level 27 Unarmed Combat
 O Level 27 Spellcasting
 O Level 27 Invocations
 O Level 27 Evocations


You couldn't memorise any spells.
You knew the following spells:

 Your Spells              Type           Power      Damage    Failure   Level
a - Blink                 Tloc           100%       N/A       0%          2
b - Lesser Beckoning      Tloc           82%        N/A       0%          3
c - Gell's Gravitas       Tloc           82%        N/A       0%          3
d - Teleport Other        Tloc           82%        N/A       0%          3
e - Manifold Assault      Tloc           82%        N/A       0%          5
f - Pain                  Necr           100%       1d9       0%          1
g - Call Imp              Summ           82%        N/A       0%          2
h - Poisonous Vapours     Pois/Air       100%       N/A       0%          2
i - Frozen Ramparts       Ice            100%       1d12      0%          3
j - Passage of Golubria   Tloc           82%        N/A       0%          4
k - Yara's Violent Unrav  Hex/Tmut       41%        3d16      0%          5
l - Eringya's Noxious Bo  Tmut/Pois      41%        N/A       0%          6
m - Orb of Destruction    Conj           41%        9d11      1%          7
n - Haunt                 Necr/Summ      41%        N/A       1%          7
o - Dragon Form           Tmut           41%        N/A       1%          7
p - Summon Hydra          Summ           41%        N/A       1%          7
q - Necromutation         Tmut/Necr      41%        N/A       1%          8
r - Shatter               Erth           41%        3d32*     2%          9
Your spell library was empty.

Dungeon Overview and Level Annotations

Branches:
Dungeon (1/1)

Altars:
Makhleb


Innate Abilities, Weirdness & Mutations

You are immune to sickness and miasma.
You are immune to poison.
Your flesh is very heat resistant. (rF++)
You are vulnerable to cold. (rC-)
You float through the air rather than walking.
You learn spells naturally, not from books.
Your magical power is your life essence.
You have superior vitality. (+4 MHP)


Message History

------------------------------------------------------------------------------ ------------------------------------------------------------------------------ -- You have destroyed The Meatlord. -- ------------------------------------------------------------------------------ ------------------------------------------------------------------------------ ------------------------------------------------------------------------------ ------------------------------------------------------------------------------ -- You will die a champion. -- ------------------------------------------------------------------------------ ------------------------------------------------------------------------------ The Orb of Zot has appeared underneath you.
You hack one of the eight-headed meat hydra's heads off!
The seven-headed meat hydra grows two more!
You slice the nine-headed meat hydra like a ripe choko!!!
You butcher the nine-headed meat hydra messily.
You kill the nine-headed meat hydra!
Makhleb accepts your kill.
You hear a shout!
An eight-headed meat hydra comes into view.
You hear a shout! x2
The eight-headed meat hydra moves out of view.
You pick up the Orb of Zot!
The Orb lets out a hideous shriek!
The lords of Pandemonium are not amused.
Beware!
Now all you have to do is get back out of the dungeon!
The eight-headed meat hydra appears out of thin air!
An eight-headed meat hydra comes into view.
The eight-headed meat hydra roars!
You hear an angry hiss.
The eight-headed meat hydra roars!
You hear a roar!
You hear a shout! x7
You hear a chilling moan.
You hear a shout! x5; You hear a bellow!
You hear a shout! x11; You hear an angry hiss.
You hear a shout!
You hear an angry hiss. x3; You hear a shout! x3; You hear a howl!
You hear a shout! x4; You hear a croak.
You hear a shout! x9
You hear two shouts!
You hear a shout! x7; You hear a roar!
You hear a shout!
You hear two shouts!
You hear a shout! x6; You hear an angry hiss.
You hear a shout!
You hear a roar!
You hear a shout! x2
You hear a deafening roar!
You hear a shout! x7; You hear an angry hiss.
You hear a shout!
You hear a roar!
You hear a shout! x5; You hear a roar!
You hear a shout! x5; You hear two shouts!
You hear a shout! x2
You hear two shouts!
You hear a shout! x5
An eight-headed meat hydra comes into view.
A dread comes into view.
A sculptor of flesh comes into view. It is wielding a +9 great sword.
You hear a shout! x2
An eight-headed meat hydra comes into view.
You hear a shout! x10
The eight-headed meat hydra calls on the powers of darkness!
The eight-headed meat hydra convulses! x2; Your body is wracked with pain!
You have escaped! )o

). #z☼ .)# #))
))# ..W###.)§
.)###)
..)D...)###......
#...)...._.).).
).....#.....# ...
))....#_.@._#.)..
.)....#.....#○§..
#)...)..)_)).D.).
).o.D...###).....
..O###.))....###[
..o..#))....)#...
)....#.)....D#)..
.).))..)..)†)))).
)..)...)..).)).).


You could see 4 eight-headed meat hydras, a sculptor of flesh, a dread, a meat
berserker (berserk) and 2 bags of meat.

Vanquished Creatures
  Dispater (D)
  7 hell knights (D)
  Sigmund (D)
  6 hell beasts (D)
  Edmund (D)
  12 royal mummies (D)
  3 great orbs of eyes (D)
  5 wraiths (D)
  10 vampire knights (D)
  40 ogres (D)
  10 two-headed ogres (D)
  7 liches (D)
  6 hydras (D)
  74 orcs (D)
  5 phantoms (D)
  4 skeletal warriors (D)
  8 sea snakes (D)
200 creatures vanquished.

Notes
Turn   | Place    | Note
-------+----------+-------------------------------------------
     0 | D        | Found the +∞ Axe of Woe
     0 | D        | smarlow the Djinni Warper began the quest for the Orb.
     0 | D        | Reached XP level 1. HP: 18/18 MP: 0/0
     3 | D        | Became a worshipper of Makhleb the Destroyer
     4 | D        | Noticed a bag of meat
     4 | D        | Noticed a meat berserker
     4 | D        | Noticed a meat berserker
     5 | D        | Noticed a bag of meat
     5 | D        | Noticed a bag of meat
     6 | D        | Killed a meat berserker
     6 | D        | Noticed a bag of meat
     6 | D        | Noticed a bag of meat
     7 | D        | Reached skill level 10 in Fighting
     7 | D        | Reached XP level 2. HP: 36/36 MP: 0/0
     7 | D        | Reached XP level 3. HP: 41/41 MP: 0/0
     7 | D        | Learned a level 1 spell: Pain
     7 | D        | Reached XP level 4. HP: 47/47 MP: 0/0
     7 | D        | Reached XP level 5. HP: 52/52 MP: 0/0
     7 | D        | Learned a level 2 spell: Call Imp
     7 | D        | Reached XP level 6. HP: 58/58 MP: 0/0
     7 | D        | Reached XP level 7. HP: 64/64 MP: 0/0
     7 | D        | Learned a level 2 spell: Poisonous Vapours
     7 | D        | Reached XP level 8. HP: 69/69 MP: 0/0
     7 | D        | Reached XP level 9. HP: 75/75 MP: 0/0
     7 | D        | Learned a level 3 spell: Frozen Ramparts
     7 | D        | Reached XP level 10. HP: 81/81 MP: 0/0
     7 | D        | Reached XP level 11. HP: 86/86 MP: 0/0
     7 | D        | Learned a level 4 spell: Passage of Golubria
     7 | D        | Reached XP level 12. HP: 92/92 MP: 0/0
     7 | D        | Killed a meat berserker
     7 | D        | Reached * piety under Makhleb
     7 | D        | Killed a bag of meat
     7 | D        | Noticed a bag of meat
     7 | D        | Noticed a bag of meat
     7 | D        | Noticed a meat berserker
     7 | D        | Noticed a bag of meat
     7 | D        | Noticed a bag of meat
     8 | D        | Reached XP level 13. HP: 102/102 MP: 0/0
     8 | D        | Learned a level 5 spell: Yara's Violent Unravelling
     8 | D        | Reached XP level 14. HP: 108/108 MP: 0/0
     8 | D        | Killed a bag of meat
     8 | D        | Killed a meat berserker
     8 | D        | Reached ** piety under Makhleb
     8 | D        | Killed a bag of meat
     8 | D        | Killed a bag of meat
     8 | D        | Noticed a bag of meat
     8 | D        | Noticed a bag of meat
     9 | D        | Reached skill level 15 in Axes
     9 | D        | Reached XP level 15. HP: 118/118 MP: 0/0
     9 | D        | Learned a level 6 spell: Eringya's Noxious Bog
     9 | D        | Reached *** piety under Makhleb
    10 | D        | Reached skill level 5 in Throwing
    10 | D        | Reached XP level 16. HP: 128/128 MP: 0/0
    10 | D        | Reached **** piety under Makhleb
    10 | D        | Noticed a meat berserker
    11 | D        | Reached skill level 27 in Spellcasting
    11 | D        | Reached XP level 17. HP: 139/139 MP: 0/0
    11 | D        | Learned a level 7 spell: Orb of Destruction
    11 | D        | Reached ***** piety under Makhleb
    11 | D        | Killed a meat berserker
    15 | D        | Reached XP level 18. HP: 157/157 MP: 0/0
    15 | D        | Noticed a meat berserker
    16 | D        | Reached ****** piety under Makhleb
    17 | D        | Reached skill level 27 in Axes
    17 | D        | Killed a meat berserker
    18 | D        | Reached XP level 19. HP: 173/173 MP: 0/0
    18 | D        | Learned a level 7 spell: Haunt
    19 | D        | Noticed a meat berserker
    20 | D        | Killed a meat berserker
    20 | D        | Noticed a meat berserker
    21 | D        | Reached skill level 27 in Fighting
    21 | D        | Reached skill level 10 in Throwing
    21 | D        | Reached skill level 27 in Dodging
    22 | D        | Killed a meat berserker
    23 | D        | Reached XP level 20. HP: 181/181 MP: 0/0
    23 | D        | Noticed a large bag of meat
    24 | D        | Noticed a meat berserker
    24 | D        | Killed a meat berserker
    24 | D        | Killed a large bag of meat
    24 | D        | Noticed a destroyer
    25 | D        | Killed a destroyer
    25 | D        | Noticed a large bag of meat
    26 | D        | Reached skill level 27 in Armour
    26 | D        | Reached XP level 21. HP: 187/187 MP: 0/0
    26 | D        | Learned a level 7 spell: Dragon Form
    26 | D        | Killed a large bag of meat
    26 | D        | Noticed a meat berserker
    26 | D        | Noticed a meat berserker
    27 | D        | Killed a meat berserker
    27 | D        | Killed a meat berserker
    27 | D        | Noticed an eight-headed meat hydra
    28 | D        | Reached skill level 27 in Throwing
    28 | D        | Killed a nine-headed meat hydra
    28 | D        | Noticed a meat berserker
    29 | D        | Reached skill level 5 in Maces & Flails
    29 | D        | Reached skill level 5 in Polearms
    29 | D        | Reached skill level 5 in Slings
    29 | D        | Reached skill level 5 in Bows
    29 | D        | Reached skill level 5 in Crossbows
    29 | D        | Reached XP level 22. HP: 194/194 MP: 0/0
    30 | D        | Killed a meat berserker
    30 | D        | Noticed a destroyer
    30 | D        | Noticed a meat berserker
    31 | D        | Killed a meat berserker
    31 | D        | Killed a destroyer
    32 | D        | Reached skill level 10 in Short Blades
    32 | D        | Reached skill level 10 in Maces & Flails
    32 | D        | Reached skill level 10 in Polearms
    32 | D        | Reached skill level 10 in Slings
    32 | D        | Reached skill level 10 in Bows
    32 | D        | Reached skill level 10 in Crossbows
    32 | D        | Reached skill level 10 in Stealth
    32 | D        | Reached XP level 23. HP: 201/201 MP: 0/0
    32 | D        | Learned a level 7 spell: Summon Hydra
    34 | D        | Noticed a large bag of meat
    35 | D        | Noticed a destroyer
    35 | D        | Noticed a destroyer
    36 | D        | Killed a large bag of meat
    37 | D        | Killed a destroyer
    38 | D        | Noticed a large bag of meat
    41 | D        | Reached XP level 24. HP: 208/208 MP: 0/0
    41 | D        | Killed a large bag of meat
    42 | D        | Reached skill level 15 in Short Blades
    42 | D        | Reached skill level 15 in Long Blades
    42 | D        | Reached skill level 15 in Staves
    42 | D        | Reached skill level 15 in Stealth
    42 | D        | Reached skill level 15 in Shields
    42 | D        | Reached skill level 15 in Unarmed Combat
    42 | D        | Reached skill level 15 in Invocations
    42 | D        | Reached skill level 15 in Evocations
    46 | D        | Noticed a destroyer
    47 | D        | Noticed a tyrant
    47 | D        | Killed a tyrant
    48 | D        | Killed a destroyer
    48 | D        | Noticed a large bag of meat
    49 | D        | Reached skill level 27 in Stealth
    49 | D        | Reached XP level 25. HP: 214/214 MP: 0/0
    49 | D        | Learned a level 8 spell: Necromutation
    50 | D        | Killed a large bag of meat
    51 | D        | Reached skill level 15 in Maces & Flails
    51 | D        | Reached skill level 15 in Polearms
    51 | D        | Reached skill level 15 in Slings
    51 | D        | Reached skill level 15 in Bows
    51 | D        | Reached skill level 15 in Crossbows
    51 | D        | Noticed an accursed
    52 | D        | Noticed a tyrant
    52 | D        | Killed an accursed
    52 | D        | Killed a tyrant
    52 | D        | Noticed a large bag of meat
    52 | D        | Noticed a large bag of meat
    52 | D        | Noticed a destroyer
    53 | D        | Reached XP level 26. HP: 221/221 MP: 0/0
    53 | D        | Noticed an accursed
    54 | D        | Killed a large bag of meat
    54 | D        | Killed a large bag of meat
    54 | D        | Killed a destroyer
    54 | D        | Noticed an accursed
    55 | D        | Noticed an accursed
    55 | D        | Noticed a destroyer
    55 | D        | Noticed an accursed
    56 | D        | Killed an accursed
    56 | D        | Killed a destroyer
    56 | D        | Killed an accursed
    56 | D        | Killed an accursed
    57 | D        | Reached XP level 27. HP: 228/228 MP: 0/0
    57 | D        | Learned a level 9 spell: Shatter
    57 | D        | Killed an accursed
    58 | D        | Killed a destroyer
    59 | D        | Noticed an accursed
    60 | D        | Killed an accursed
    60 | D        | Noticed a tyrant
    61 | D        | Killed a tyrant
    63 | D        | Noticed an accursed
    64 | D        | Killed an accursed
    65 | D        | Reached skill level 27 in Shields
    65 | D        | Reached skill level 27 in Unarmed Combat
    65 | D        | Reached skill level 27 in Invocations
    65 | D        | Reached skill level 27 in Evocations
    66 | D        | Noticed a dread
    66 | D        | Killed a dread
    67 | D        | Reached skill level 27 in Short Blades
    67 | D        | Reached skill level 27 in Long Blades
    67 | D        | Noticed a meat beast
    68 | D        | Noticed an accursed
    69 | D        | Noticed a meat beast
    69 | D        | Killed an accursed
    69 | D        | Killed a meat beast
    70 | D        | Reached skill level 27 in Maces & Flails
    70 | D        | Reached skill level 27 in Polearms
    70 | D        | Reached skill level 27 in Staves
    70 | D        | Reached skill level 27 in Slings
    70 | D        | Reached skill level 27 in Bows
    70 | D        | Reached skill level 27 in Crossbows
    70 | D        | Noticed a meat beast
    70 | D        | Killed a meat beast
    72 | D        | Killed a meat beast
    79 | D        | Noticed a meat beast
    79 | D        | Noticed a destroyer
    80 | D        | Killed a meat beast
    81 | D        | Killed a destroyer
    83 | D        | Noticed an accursed
    84 | D        | Noticed an accursed
    85 | D        | Killed an accursed
    85 | D        | Killed an accursed
    86 | D        | Noticed a tyrant
    86 | D        | Killed a tyrant
    87 | D        | Noticed an accursed
    87 | D        | Killed an accursed
    90 | D        | Noticed a meat beast
    90 | D        | Noticed a large bag of meat
    91 | D        | Killed a large bag of meat
    92 | D        | Noticed a large bag of meat
    92 | D        | Noticed a meat beast
    93 | D        | Killed a meat beast
    94 | D        | Killed a large bag of meat
    94 | D        | Noticed a destroyer
    94 | D        | Noticed a large bag of meat
    95 | D        | Killed a large bag of meat
    98 | D        | Killed a destroyer
   100 | D        | Noticed The Defiler
   100 | D        | Noticed a tyrant
   102 | D        | Killed a tyrant
   103 | D        | Killed The Defiler
   110 | D        | Noticed The Captor
   111 | D        | Killed The Captor
   114 | D        | Noticed a dread
   115 | D        | Killed a dread
   116 | D        | Noticed a fleshlord
   116 | D        | Noticed a fleshlord
   116 | D        | Killed a fleshlord
   116 | D        | Killed a fleshlord
   117 | D        | Noticed a dread
   117 | D        | Noticed a fleshlord
   118 | D        | Killed a fleshlord
   118 | D        | Killed a dread
   118 | D        | Noticed a dread
   119 | D        | Killed a dread
   121 | D        | Noticed a fleshlord
   122 | D        | Killed a fleshlord
   126 | D        | Noticed a fleshlord
   127 | D        | Killed a fleshlord
   127 | D        | Noticed an accursed
   128 | D        | Killed an accursed
   129 | D        | Killed a meat beast
   131 | D        | Noticed a fleshlord
   131 | D        | Noticed a dread
   132 | D        | Killed a fleshlord
   132 | D        | Killed a dread
   133 | D        | Noticed a fleshlord
   133 | D        | Noticed a tyrant
   134 | D        | Killed a tyrant
   134 | D        | Killed a fleshlord
   138 | D        | Noticed a destroyer
   138 | D        | Killed a destroyer
   139 | D        | Noticed a tyrant
   140 | D        | Killed a tyrant
   144 | D        | Noticed The Meatlord
   144 | D        | Killed The Meatlord
   145 | D        | Got the Orb of Zot
   145 | D        | Noticed a dread
   146 | D        | Noticed a dread
   147 | D        | Escaped with the Orb!

Illustrated notes

Levels and vault maps discovered:
D:        meatsprint

Skill      XL: |  1  2  3  4  5  6  7  8  9 10 11 12 13 14 15 16 17 18 19 20 21 22 23 24 25 26 27 |
---------------+----------------------------------------------------------------------------------+-----
Fighting       | 10 12 14 16 18 22 26 27 | 27.0
Axes           | 9 12 15 17 21 26 27 | 27.0
Throwing       | 3 4 5 6 7 9 16 24 27 | 27.0
Armour         | 3 4 6 8 9 19 27 | 27.0
Dodging        | 11 13 16 17 19 21 23 27 | 27.0
Spellcasting   | 18 21 25 26 27 | 27.0
Short Blades   | 6 10 14 15 18 22 27 | 27.0
Long Blades    | 6 11 14 15 18 22 27 | 27.0
Maces & Flails | 5 10 13 14 17 21 27 | 27.0
Polearms       | 5 10 13 14 17 21 27 | 27.0
Staves         | 6 11 14 15 18 22 27 | 27.0
Slings         | 5 10 13 14 16 20 27 | 27.0
Bows           | 5 10 13 14 16 20 27 | 27.0
Crossbows      | 5 10 13 14 16 20 27 | 27.0
Stealth        | 6 10 14 27 | 27.0
Shields        | 6 11 14 16 19 23 27 | 27.0
Unarmed Combat | 6 11 14 16 19 23 27 | 27.0
Invocations    | 6 11 14 16 19 23 27 | 27.0
Evocations     | 6 11 14 16 19 23 27 | 27.0

Action                   |  1- 3 |  4- 6 |  7- 9 | 10-12 | 13-15 | 16-18 | 19-21 | 22-24 | 25-27 || total
-------------------------+-------+-------+-------+-------+-------+-------+-------+-------+-------++-------
Melee: Executioner's axe |     1 |       |       |     1 |     7 |    13 |    14 |    21 |   142 ||   199
 Cast: Manifold Assault  |       |       |       |       |     2 |     5 |     7 |     9 |    66 ||    89
       Necromutation     |       |       |       |       |       |       |       |       |     1 ||     1
 Stab: Distracted        |       |       |       |       |       |       |       |     1 |       ||     1
Dodge: Dodged            |     1 |       |       |       |       |       |       |       |       ||     1
